 Dungeon Crawl Stone Soup version 0.26.0-10-g1f06aea511 (webtiles) character file.

Game seed: 16120281675685511933

84 Marvel the Skirmisher (level 4, -4/37 HPs)
             Began as a Demonspawn Abyssal Knight on Jan 14, 2021.
             Was a Believer of Lugonu.
             Killed from afar by an orc wizard (10 damage)
             ... with a magic dart
             ... on level 4 of the Dungeon.
             The game lasted 00:04:42 (3140 turns).

Marvel the Skirmisher (Demonspawn Abyssal Knight)   Turns: 3140, Time: 00:04:43

Health: -4/37      AC:  3    Str: 13    XL:     4   Next: 24%
Magic:  5/5        EV: 11    Int: 14    God:    Lugonu [**....]
Gold:   68         SH:  0    Dex: 12    Spells: 3/3 levels left

rFire    . . .     SeeInvis .   a - +2 hand axe
rCold    . . .     Faith    .   (no shield)
rNeg     . . .     Spirit   .   b - +0 leather armour
rPois    .         Reflect  .   (helmet restricted)
rElec    .         Harm     .   (no cloak)
rCorr    .         Rampage  .   (no gloves)
Will     .....                  (no boots)
Stlth    +.........             (no amulet)
HPRegen  0.12/turn              (no ring)
MPRegen  0.09/turn              (no ring)

@: invisible
A: antennae 1, claws 1, talons 1
a: Renounce Religion, Depart the Abyss, Bend Space


You were on level 4 of the Dungeon.
You worshipped Lugonu.
Lugonu was pleased with you.
You visited 1 branch of the dungeon, and saw 4 of its levels.
You visited the Abyss 1 time.

You collected 68 gold pieces.

Inventory:

Hand Weapons
 a - a +2 hand axe (weapon)
Armour
 b - a +0 leather armour (worn)
Scrolls
 d - a scroll of identify {unknown}
 h - 3 scrolls of teleportation
Potions
 c - 2 potions of curing
 g - a potion of attraction {unknown}


   Skills:
 + Level 4.0 Fighting
 + Level 2.7 Axes
 + Level 2.2 Armour
 + Level 1.4 Dodging
 + Level 0.1 Stealth
 + Level 2.4 Invocations


You had 3 spell levels left.
You didn't know any spells.
Your spell library was empty.

Dungeon Overview and Level Annotations

Branches:
Dungeon (4/15)             Temple (0/1) D:4

Altars:
Okawaru

Annotations:
D:2 Natasha
D:3 Terence


Innate Abilities, Weirdness & Mutations

You have a pair of small antennae on your head.
You have sharp fingernails.
You have sharp toenails.


Message History

Something hits you.
You miss something. The orc barely misses you. Something hits you.
You closely miss something. You claw something.
The orc hits you from afar with a +0 trident.
Something hits you but does no damage.
You closely miss something. Your kick misses something.
The orc hits you from afar with a +0 trident.
Something hits you but does no damage. The orc closely misses you.
You barely miss something. Your kick misses something.
You hear some strange, mumbled words.
A puff of flame appears from out of thin air!
The puff of flame hits you.
* * * LOW HITPOINT WARNING * * *
The orc barely misses you.
It was a potion of invisibility.
You fade into invisibility!
You hear some strange, mumbled words.
A magic dart appears from out of thin air!
The magic dart hits you!
You die...

#....<.....#
#..#######.# ..#
... #.# ..# #
#.#####...
#.........
#..####.#. #..# .#
#####..####.#
#.......@{oo#
#.###.#####oo.....
#.# ....### #.
.###.# .. o# .. #.
.# # #. o. ..


You could see 4 orcs.

Vanquished Creatures
  2 adders
  2 worms
  2 dart slugs
  3 leopard geckos (D:1)
  2 orcs (D:4)
  A giant cockroach (D:2)
  6 goblins
  9 hobgoblins
  7 jackals
  A quokka (D:1)
  2 bats
  A frilled lizard (D:1)
  2 kobolds
  9 rats
49 creatures vanquished.

Notes
Turn   | Place    | Note
-------+----------+-------------------------------------------
     0 | Abyss:1  | Marvel the Demonspawn Abyssal Knight began the quest for
                  | the Orb.
     0 | Abyss:1  | Reached XP level 1. HP: 18/18 MP: 2/2
    77 | Abyss:1  | Noticed an orb spider
    85 | Abyss:1  | Noticed a storm dragon simulacrum
    87 | Abyss:1  | Noticed a small abomination
    87 | Abyss:1  | Noticed a large abomination
    88 | D:1      | Escaped the Abyss
   358 | D:1      | Gained mutation: You have sharp toenails. [demonic
                  | ancestry]
   358 | D:1      | Reached XP level 2. HP: 10/24 MP: 3/3
   413 | D:1      | HP: 1/24 [hobgoblin/+0 club (3)]
   716 | D:1      | Reached * piety under Lugonu
  1196 | D:1      | Reached skill level 1 in Dodging
  1308 | D:1      | Gained mutation: You have a pair of small antennae on your
                  | head. [demonic ancestry]
  1308 | D:1      | Reached XP level 3. HP: 26/30 MP: 4/4
  1725 | D:2      | Noticed Natasha
  1733 | D:2      | Found an iron altar of Okawaru.
  2729 | D:3      | Reached ** piety under Lugonu
  2732 | D:3      | Reached skill level 4 in Fighting
  2732 | D:3      | Gained mutation: You have sharp fingernails. [demonic
                  | ancestry]
  2732 | D:3      | Reached XP level 4. HP: 34/37 MP: 5/5
  2826 | D:3      | Noticed Terence
  3094 | D:4      | Found a staircase to the Ecumenical Temple.
  3140 | D:4      | Killed from afar by an orc wizard

Illustrated notes

Levels and vault maps discovered:
D:1:      beargit_arrival_greenhouse, layout_basic,
          corexii_item_surrounded_by_moat
D:2:      layout_rooms, okawaru_gym_becter, grunt_temple_overflow_cloverleaf,
          serial_aquarium, aquarium_bridge_square [aquarium_subvault_window,
          aquarium_subvault_bridge, aquarium_subvault_wall,
          aquarium_subvault_window], aquarium_bridge_square
          [aquarium_subvault_wall, aquarium_subvault_bridge,
          aquarium_subvault_bridge, aquarium_subvault_bridge],
          aquarium_window_fake, aquarium_window_fake, aquarium_view_2d,
          aquarium_view_2a, minmay_misc_feat_x, dk_noncrumbling_2,
          minmay_circle_x, uniq_natasha
D:3:      layout_basic, gup_sewer_entry_pipe, minmay_goblin_outpost,
          uniq_terence
D:4:      layout_loops_ring, grunt_qazlal_sundering, minmay_temple_entry_fiery

Skill      XL: |  1  2  3 |
---------------+----------+-----
Armour         | 2 |  2.2
Axes           | 2 |  2.7
Dodging        | 1 |  1.4
Fighting       | 4 |  4.0
Stealth        | |  0.1
Invocations    | |  2.4

Action                   |  1- 3 |  4- 6 || total
-------------------------+-------+-------++-------
Melee: Hand axe          |   127 |    21 ||   148
       Kick              |    26 |     7 ||    33
Invok: Depart the Abyss  |     1 |       ||     1
  Use: Potion            |     1 |     1 ||     2
       Scroll            |     2 |       ||     2
Armor: Leather armour    |    33 |     4 ||    37
Dodge: Dodged            |    84 |    12 ||    96
